 Dungeon Crawl Stone Soup version 0.24-a0-789-g35933f4585 (webtiles) character file.

Game seed: 437918118185673008, levelgen mode: deterministic

289463 Johnny the Metallomancer (level 19, -8/156 HPs)
             Began as a Demigod Earth Elementalist on Oct 10, 2019.
             Killed from afar by a blizzard demon (21 damage)
             ... with a bolt of lightning
             ... in an ice cave.
             The game lasted 01:28:44 (44663 turns).

Johnny the Metallomancer (DgEE)                    Turns: 44663, Time: 01:28:44

Health: -8/156     AC: 16    Str: 14    XL:     19   Next: 48%
Magic:  16/62      EV: 14    Int: 36    God:
Gold:   543        SH:  0    Dex: 16    Spells: 7/37 levels left

rFire    + . .     SeeInvis .   D - staff of power
rCold    . . .     Gourm    .   (no shield)
rNeg     + . .     Faith    .   c - +2 ring mail "Sanidik" {Regen+ Int+5}
rPois    +         Spirit   .   P - +2 hat
rElec    .         Reflect  .   M - scarf {repulsion}
rCorr    .         Harm     .   U - +2 pair of gloves {Str+3}
MR       +....                  x - +1 pair of boots
Stlth    ++........             (no amulet)
HPRegen  0.76/turn              s - ring of Qeiwk {+Fly rPois rF+ rN+ Stlth+}
MPRegen  0.38/turn              t - ring of magical power

@: very slightly contaminated, studying 2 skills, repel missiles
A: high mp 1
}: 1/15 runes: serpentine
a: Evoke Flight


You were in an ice cave.
You were not hungry.

You visited 6 branches of the dungeon, and saw 34 of its levels.
You also visited: Gauntlet and Ice Cave.

You collected 5055 gold pieces.
You spent 4512 gold pieces at shops.

Inventory:

Missiles
 b - 514 stones (quivered)
Armour
 c - the +2 ring mail "Sanidik" (worn) {Regen+ Int+5}
   (You bought it in a shop on level 9 of the Dungeon)

   It affects your intelligence (+5).
   It increases your rate of regeneration.
 x - a +1 pair of boots (worn)
 M - a scarf of repulsion (worn)
 P - a +2 hat (worn)
 U - a +2 pair of gloves of strength (worn)
Magical Staves
 D - an uncursed staff of power (weapon)
 E - an uncursed staff of earth {unknown}
Jewellery
 s - the ring of Qeiwk (left hand) {+Fly rPois rF+ rN+ Stlth+}
   (You found it in a Gauntlet)

   [ring of flight]

   It protects you from fire.
   It protects you from poison.
   It protects you from negative energy.
   It lets you fly.
   It makes you more stealthy.
 t - a ring of magical power (right hand)
 Q - an uncursed ring of protection from cold
 W - the amulet "Qebuluesm" {Spirit rElec}
   (You took it off a deep elf death mage on level 3 of the Elven Halls)

   [amulet of guardian spirit]

   It causes incoming damage to be split between your health and magic.
   It insulates you from electricity.
 Z - an uncursed ring of resist corrosion
Wands
 e - a wand of enslavement (5)
 h - a wand of digging (8)
 i - a wand of disintegration (19)
 y - a wand of paralysis (4)
 B - a wand of iceblast (17)
 X - a wand of clouds (4)
Scrolls
 f - a scroll of identify
 g - 5 scrolls of fog
 j - 5 scrolls of blinking
 k - 9 scrolls of immolation
 m - 12 scrolls of remove curse
 q - 23 scrolls of teleportation
 r - 4 scrolls of holy word
 w - 5 scrolls of magic mapping
 H - 2 scrolls of summoning
 J - 6 scrolls of enchant armour
 L - 5 scrolls of fear
Potions
 a - 12 potions of lignification
 l - 4 potions of heal wounds
 n - 3 potions of degeneration
 o - 9 potions of flight
 p - 3 potions of cancellation
 u - 15 potions of curing
 v - 7 potions of haste
 z - a potion of brilliance
 A - a potion of invisibility
 C - 2 potions of berserk rage
 F - 2 potions of agility
 G - 3 potions of might
 K - 5 potions of mutation
 S - a potion of resistance
 T - 4 potions of magic
Books
 N - a manual of Bows
 Y - a manual of Crossbows
Miscellaneous
 I - 4 boxes of beasts
 O - 3 phantom mirrors
 R - a lamp of fire
 V - 2 sacks of spiders
Comestibles
 d - 43 rations


   Skills:
 - Level 10.4 Fighting
 - Level 9.2 Armour
 - Level 5.4 Dodging
 - Level 1.7 Stealth
 - Level 9.9 Spellcasting
 - Level 0.8 Transmutations
 * Level 26.2 Earth Magic


You had 7 spell levels left.
You knew the following spells:

 Your Spells              Type           Power        Failure   Level  Hunger
a - Sandblast             Erth           ######       0%          1    None
b - Stone Arrow           Conj/Erth      ######       1%          3    None
c - Lee's Rapid Deconstr  Erth           ########..   0%          5    ##.....
d - Petrify               Tmut/Erth      #######.     1%          4    None
e - Blink                 Tloc           N/A          6%          2    None
f - Shatter               Erth           ########..   9%          9    #######
g - Statue Form           Tmut/Erth      #######..    2%          6    ####...

Your spell library contained the following spells:

 Spells                   Type           Power        Failure   Level  Hunger
 Passwall                 Tmut/Erth      #######.     1%          2    None
 Leda's Liquefaction      Hex/Erth       #######...   1%          4    None
 Borgnjor's Vile Clutch   Necr/Erth      #######...   1%          5    ##.....
 Bolt of Magma            Conj/Fire/Erth ######....   3%          5    ##.....
 Iron Shot                Conj/Erth      #######...   3%          6    ####...
 Animate Skeleton         Necr           N/A          4%          1    None
 Apportation              Tloc           ###...       4%          1    None
 Corona                   Hex            ###....      4%          1    None
 Flame Tongue             Conj/Fire      ###..        4%          1    None
 Magic Dart               Conj           ###.         4%          1    None
 Shock                    Conj/Air       ###.         4%          1    None
 Summon Butterflies       Summ           ###.....     4%          1    None
 Call Imp                 Summ           ###.....     6%          2    None
 Ensorcelled Hibernation  Hex/Ice        ###...       6%          2    None
 Poisonous Vapours        Pois/Air       ###...       6%          2    None
 Searing Ray              Conj           ###...       6%          2    None
 Slow                     Hex            ###.....     6%          2    None
 Song of Slaying          Chrm           ###.....     6%          2    None
 Throw Flame              Conj/Fire      ###...       6%          2    None
 Confuse                  Hex            ###.....     13%         3    None
 Conjure Flame            Conj/Fire      ###.....     13%         3    None
 Dazzling Spray           Conj/Hex       ###...       13%         3    None
 Gell's Gravitas          Tloc           ###.......   13%         3    None
 Inner Flame              Hex/Fire       ###.....     13%         3    None
 Lesser Beckoning         Tloc           ###.......   13%         3    None
 Mephitic Cloud           Conj/Pois/Air  ###.....     13%         3    None
 Ozocubu's Armour         Chrm/Ice       ###.....     13%         3    None
 Spectral Weapon          Hex/Chrm       ###.....     13%         3    None
 Tukima's Dance           Hex            ###.....     13%         3    None
 Airstrike                Air            ###.......   38%         4    None
 Force Lance              Conj/Tloc      ###.....     38%         4    None
 Fulminant Prism          Conj/Hex       ###.......   38%         4    None
 Iskenderun's Mystic Bla  Conj           ###.....     38%         4    None
 Sticky Flame             Conj/Fire      ###.....     38%         4    None
 Alistair's Intoxication  Tmut/Pois      ###.....     69%         5    ##.....
 Dispel Undead            Necr           ###.....     75%         5    ##.....
 Fireball                 Conj/Fire      ###.......   75%         5    ##.....
 Lightning Bolt           Conj/Air       ###.......   75%         5    ##.....
 Metabolic Englaciation   Hex/Ice        ###.......   75%         5    ##.....
 Silence                  Hex/Air        ###.......   75%         5    ##.....
 Darkness                 Hex            ###.......   100%        6    ####...
 Invisibility             Hex            ###.....     100%        6    ####...
 Shadow Creatures         Summ           N/A          100%        6    ####...
 Simulacrum               Ice/Necr       ###.......   100%        6    ####...


Dungeon Overview and Level Annotations

Branches:
Dungeon (15/15)            Temple (0/1) D:6            Lair (6/6) D:10
 Shoals (4/4) Lair:3        Snake (4/4) Lair:2        Slime (0/5) Lair:6
    Orc (2/2) D:9             Elf (3/3) Orc:2        Vaults (0/5) D:13
 Depths (0/5) D:15          IceCv (1/1)             Gauntlet (visited)

Shops:
D:6 *   D:9 [   D:13 ?*   Orc:1 [   Orc:2 *[=(   Elf:1 }   Elf:3 ?   Shoals:2 [
Snake:2 ?!(   Snake:3 =

Portals:
Trove: D:10 (give 6 potions of haste)

Annotations:
Lair:1 exclusion: 4 oklob plants


Innate Abilities, Weirdness & Mutations

You have an increased reservoir of magic. (+10% MP)


Message History

Casting: Shatter (quite dangerous; 9% risk of failure)
Confirm with . or Enter, or press ? or * to list all spells.
The dungeon rumbles!
The blizzard demon is severely wounded.
The blizzard demon is lightly wounded.
Ka-crash!
The blizzard demon is engulfed in freezing vapours.
The blizzard demon gestures at you. The bolt of cold hits you!!!
Casting: Shatter (quite dangerous; 9% risk of failure)
Confirm with . or Enter, or press ? or * to list all spells.
You miscast Shatter.
You are very lightly contaminated with residual magic.
You are hit by flying rocks!
The blizzard demon is engulfed in freezing vapours.
The blizzard demon gestures at you. The bolt of lightning hits you!!!
* * * LOW HITPOINT WARNING * * *
The bolt of lightning hits you!!
You die...

#####≈#≈≈ . ##.#≈≈≈≈ # ∩
.#.#..# .# .#.###....#.#
≈ #.. #.##....###.## ≈≈
.... .............# #≈≈
..○..##..#.........##.#
#............#.......##.
#....2@..#.#..#........
#...#2...⌠..≈≈.##......
#. #.......≈≈≈≈.##....
#....###≈...####....
..#.≈≈ ##.....##...#
≈.≈≈≈#..#...#....#...
.≈≈≈#.#.....##...###≈≈
#≈≈≈.......### # ≈≈#
####...## #.#


You could see 2 blizzard demons.

Vanquished Creatures
  Saint Roka (Orc:2)
  Jorgrun (Orc:1)
  2 deep elf master archers (Elf:3)
  Asterion (Snake:2)
  3 deep elf blademasters
  Kirke (D:13)
  17 nagarajas
  Ilsuiw (Shoals:2)
  A deep elf elementalist (Elf:3)
  3 deep elf sorcerers (Elf:3)
  A stone giant (Orc:2)
  An entropy weaver (Gauntlet)
  9 deep elf demonologists
  7 deep elf annihilators (Elf:3)
  A minotaur (Gauntlet)
  Snorg (Lair:3)
  14 deep elf death magi
  3 merfolk javelineers
  5 merfolk impalers
  2 deep elf high priests
  30 naga warriors
  An ice dragon (Lair:6)
  2 catoblepae
  2 vault guards
  9 hydras
  3 merfolk avatars
  3 centaur warriors
  5 anacondas
  22 two-headed ogres
  4 merfolk aquamancers
  4 ogre magi (D:15)
  2 alligator snapping turtles
  29 dancing weapons
  2 orc high priests
  2 death yaks (Lair:6)
  Urug (Orc:1)
  2 tengu warriors (D:14)
  16 naga sharpshooters
  8 shock serpents
  Nergalle (D:11)
  23 deep elf knights
  A salamander mystic (Snake:3)
  3 skeletal warriors (D:15)
  An unseen horror (D:15)
  15 sea snakes
  9 naga ritualists
  8 harpies
  11 deep elf archers
  A lindwurm (shapeshifter) (D:13)
  4 orc knights
  7 mana vipers
  54 deep elf magi
  A lindwurm (Lair:6)
  4 orc sorcerers
  9 manticores
  11 salamanders
  4 ugly things
  4 fauns (Shoals:1)
  34 black mambas
  6 torpor snails (Lair:6)
  14 merfolk sirens
  11 naga magi
  A gargoyle (D:14)
  An ice statue (IceCv)
  8 guardian serpents
  2 water nymphs
  10 spiny frogs
  A redback zombie (D:14)
  A rime drake (Lair:6)
  A yaktaur (D:15)
  7 ice devils (IceCv)
  2 freezing wraiths (IceCv)
  6 komodo dragons
  2 anaconda simulacra (IceCv)
  A jumping spider (Gauntlet)
  A golden dragon simulacrum (IceCv)
  11 polar bears
  4 wind drakes
  4 tyrant leeches (Lair:6)
  23 merfolk
  4 trolls
  A hornet (shapeshifter) (Elf:2)
  9 hornets
  15 blink frogs
  6 snapping turtles
  14 dream sheep
  6 raiju (Lair:6)
  10 hippogriffs
  2 shadows
  4 air elementals
  6 water elementals
  4 dire elephant simulacra (IceCv)
  52 yaks
  3 fire elementals (Elf:1)
  A wraith (D:14)
  3 basilisks
  4 wyverns
  2 chaos spawn (Gauntlet)
  4 hogs (D:13)
  A vampire mosquito (D:13)
  2 death yak simulacra (IceCv)
  A neqoxec (Gauntlet)
  Menkaure (D:7)
  A warg (shapeshifter) (D:15)
  78 nagas
  An acid dragon (D:11)
  3 iron troll simulacra (IceCv)
  9 wargs
  3 harpy simulacra (IceCv)
  11 hell hounds (Lair:6)
  2 large abominations (Gauntlet)
  2 soldier ants
  4 hydra simulacra (IceCv)
  19 water moccasins
  7 porcupines
  An ettin simulacrum (IceCv)
  5 ice beasts
  A swamp drake (Orc:2)
  30 orc warriors
  13 black bears
  3 necrophages
  4 sky beasts
  7 small abominations
  3 boggarts (D:15)
  An eye of draining (D:15)
  13 wolves (Lair:6)
  23 ogres
  16 centaurs
  12 crocodiles
  4 big kobolds
  Blork the orc (Orc:2)
  An earth elemental (Elf:2)
  13 bullfrogs
  2 wyvern zombies (D:14)
  A water moccasin zombie (D:12)
  5 scorpions
  An elephant simulacrum (IceCv)
  9 killer bees (D:10)
  10 wights
  17 electric eels
  2 howler monkeys
  6 crimson imps
  2 bullfrog zombies
  A draconian simulacrum (IceCv)
  4 hounds
  4 jellies
  17 orc priests
  2 quasits
  Crazy Yiuf (D:7)
  An iron imp (Orc:2)
  2 bullfrog skeletons
  2 centaur skeletons
  9 worker ants
  25 orc wizards
  6 troll simulacra (IceCv)
  2 spriggan simulacra (IceCv)
  A centaur simulacrum (IceCv)
  2 worker ant zombies (D:10)
  A naga simulacrum (IceCv)
  12 adders
  3 gnolls (D:4)
  2 river rats (Lair:4)
  9 shadow imps
  5 white imps
  11 ufetubi (IceCv)
  6 oozes
  2 worms
  2 dart slugs
  6 leopard geckos
  89 orcs
  A ball python (D:2)
  5 giant cockroaches
  9 goblins
  9 hobgoblins
  4 jackals
  22 kobolds
  3 quokkas
  8 bats
  4 frilled lizards
  A quokka skeleton (D:4)
  A quokka zombie (D:9)
  8 rats
  2 fungi (Lair:6)
  26 plants
1375 creatures vanquished.

Vanquished Creatures (collateral kills)
  A manticore (shapeshifter) (D:13)
  A polar bear (Lair:5)
2 creatures vanquished.

Vanquished Creatures (others)
  3 death yaks (Lair:6)
  A deep elf mage (Elf:3)
  A merfolk siren (Shoals:4)
  A rime drake (Lair:5)
  2 komodo dragons (Lair:5)
  3 orc warriors
  A hippogriff (Lair:5)
  6 yaks
  2 humans (D:13)
  A vampire mosquito (D:13)
  A water moccasin (Lair:6)
  An orc (Orc:2)
  2 kobolds (D:13)
  2 bushes (D:10)
  22 fungi
  58 plants
  14 withered plants (Gauntlet)
121 creatures vanquished.

Grand Total: 1498 creatures vanquished

Notes
Turn   | Place    | Note
-------+----------+-------------------------------------------
     0 | D:1      | Johnny the Demigod Earth Elementalist began the quest for
                  | the Orb.
     0 | D:1      | Reached XP level 1. HP: 14/14 MP: 5/5
   207 | D:1      | Reached XP level 2. HP: 12/22 MP: 0/7
   301 | D:1      | Reached skill level 3 in Earth Magic
  1369 | D:2      | Reached XP level 3. HP: 17/27 MP: 8/8
  1501 | D:2      | Reached skill level 1 in Fighting
  2046 | D:3      | Reached XP level 4. HP: 35/35 MP: 0/10
  2465 | D:3      | Reached skill level 4 in Earth Magic
  3060 | D:3      | Reached XP level 5. HP: 41/41 MP: 11/11
  3570 | D:4      | Found a sparkling altar of Nemelex Xobeh.
  3640 | D:4      | Noticed an ogre
  3642 | D:4      | HP: 2/41 [ogre/+0 giant club (10)]
  3643 | D:4      | Killed an ogre
  3643 | D:4      | Reached XP level 6. HP: 2/49 MP: 9/13
  4134 | D:4      | Found a sparkling altar of Nemelex Xobeh.
  4225 | D:5      | Entered Level 5 of the Dungeon
  4364 | D:5      | Reached skill level 5 in Earth Magic
  4493 | D:5      | Reached XP level 7. HP: 56/56 MP: 10/15
  4519 | D:5      | Found a bloodstained altar of Trog.
  4592 | D:5      | Found a shimmering altar of Xom.
  4765 | D:5      | Found a shimmering blue altar of Sif Muna.
  5005 | D:6      | Found a staircase to the Ecumenical Temple.
  5153 | D:6      | Reached skill level 6 in Earth Magic
  5386 | D:6      | Found an ancient bone altar of Kikubaaqudgha.
  5457 | D:6      | Found Eleig's Assorted Antiques.
  5539 | D:6      | Found a snail-covered altar of Cheibriados.
  5603 | D:6      | Bought a scroll of teleportation for 69 gold pieces
  5603 | D:6      | Bought a scroll of identify for 46 gold pieces
  5981 | D:7      | Reached XP level 8. HP: 66/66 MP: 14/17
  6387 | D:7      | Reached skill level 7 in Earth Magic
  6430 | D:7      | Noticed Menkaure
  6437 | D:7      | Killed Menkaure
  6589 | D:7      | Found a runed translucent door.
  6590 | D:7      | Noticed Crazy Yiuf
  6597 | D:7      | Killed Crazy Yiuf
  6597 | D:7      | Reached skill level 5 in Dodging
  7079 | D:8      | Noticed a hornet
  7085 | D:8      | Killed a hornet
  7085 | D:8      | Reached XP level 9. HP: 65/73 MP: 20/20
  7121 | D:9      | Found a staircase to the Orcish Mines.
  7143 | D:9      | Reached skill level 5 in Spellcasting
  7153 | D:9      | Reached skill level 5 in Fighting
  7292 | D:9      | Found Jucvi's Armour Shop.
  7325 | D:9      | Reached skill level 8 in Earth Magic
  7383 | D:9      | Learned a level 3 spell: Stone Arrow
  7387 | D:9      | Reached skill level 1 in Armour
  7406 | D:9      | Learned a level 5 spell: Lee's Rapid Deconstruction
  7411 | D:9      | Learned a level 4 spell: Petrify
  7800 | D:9      | You fall into a shaft and drop 1 floor!
  7800 | D:10     | Entered Level 10 of the Dungeon
  7800 | D:10     | Found a staircase to the Lair.
  8149 | D:9      | Found a white marble altar of Elyvilon.
  8163 | D:9      | Found a stormy altar of Qazlal.
  8508 | D:9      | Reached skill level 9 in Earth Magic
  9218 | D:10     | Identified a scroll of acquirement
  9322 | D:9      | Bought the +2 ring mail "Sanidik" {Regen+ Int+5} for 504
                  | gold pieces
  9442 | D:10     | Reached XP level 10. HP: 71/83 MP: 22/22
  9783 | D:10     | Noticed a two-headed ogre
  9787 | D:10     | Killed a two-headed ogre
  9787 | D:10     | Reached skill level 10 in Earth Magic
  9956 | D:10     | Noticed a vault guard
  9963 | D:10     | Killed a vault guard
 10045 | D:10     | Found a portal to a secret trove of treasure.
 10157 | D:11     | Noticed a red ugly thing
 10170 | D:10     | Killed a red ugly thing
 10201 | D:11     | Noticed a red ugly thing
 10248 | D:10     | Killed a red ugly thing
 10636 | D:11     | Reached XP level 11. HP: 92/92 MP: 25/25
 10666 | D:11     | Noticed Nergalle
 10672 | D:11     | Killed Nergalle
 10680 | D:11     | Noticed a five-headed hydra
 10684 | D:11     | Killed a five-headed hydra
 10684 | D:11     | Reached skill level 5 in Armour
 10828 | Lair:1   | Entered Level 1 of the Lair of Beasts
 10955 | Lair:1   | Reached skill level 11 in Earth Magic
 11176 | Lair:1   | Noticed a seven-headed hydra
 11185 | Lair:1   | Killed a seven-headed hydra
 11442 | Lair:1   | Noticed a six-headed hydra
 11447 | Lair:1   | Killed a six-headed hydra
 12062 | Lair:2   | Noticed a six-headed hydra
 12068 | Lair:2   | Reached skill level 12 in Earth Magic
 12070 | Lair:2   | Killed a six-headed hydra
 12070 | Lair:2   | Reached XP level 12. HP: 64/103 MP: 13/28
 12426 | Lair:2   | Found a staircase to the Snake Pit.
 12952 | Snake:1  | Entered Level 1 of the Snake Pit
 13026 | Lair:3   | Found a gate leading to a gauntlet.
 13035 | Gauntlet | Entered a Gauntlet
 13035 | Gauntlet | Found a transporter.
 13035 | Gauntlet | Found a transporter.
 13035 | Gauntlet | Found a transporter.
 13035 | Gauntlet | Found a transporter.
 13039 | Gauntlet | Found a transporter.
 13041 | Gauntlet | Found a transporter.
 13049 | Gauntlet | Found a transporter.
 13053 | Gauntlet | Found a transporter.
 13069 | Gauntlet | Found a transporter.
 13070 | Gauntlet | Noticed an entropy weaver
 13071 | Gauntlet | Found a transporter.
 13087 | Gauntlet | Found a transporter.
 13091 | Gauntlet | Found a transporter.
 13242 | Gauntlet | Got a smoking pewter ring
 13297 | Gauntlet | Identified the ring of Qeiwk {+Fly rPois rF+ rN+ Stlth+}
                  | (You found it in a Gauntlet)
 13435 | Gauntlet | Got a pair of jewelled boots
 13446 | Gauntlet | Identified the +0 pair of boots "Jiypeur" {-Cast Str+5
                  | Slay+4} (You found it in a Gauntlet)
 13470 | Gauntlet | Killed an entropy weaver
 13668 | Gauntlet | Noticed a minotaur
 13768 | Gauntlet | Killed a minotaur
 13948 | Lair:3   | Noticed Snorg
 13958 | Lair:3   | Killed Snorg
 14022 | Lair:3   | Noticed a catoblepas
 14041 | Lair:3   | Killed a catoblepas
 14224 | Lair:3   | Found a staircase to the Shoals.
 14417 | Lair:3   | Reached skill level 13 in Earth Magic
 15465 | Lair:4   | Reached XP level 13. HP: 92/111 MP: 30/30
 16741 | Lair:6   | Entered Level 6 of the Lair of Beasts
 17073 | Orc:1    | Entered Level 1 of the Orcish Mines
 17076 | Orc:1    | Found Ovujio Iraol's Armour Emporium.
 17186 | Orc:2    | Entered Level 2 of the Orcish Mines
 17401 | Orc:2    | Noticed a stone giant
 17407 | Orc:2    | Killed a stone giant
 17407 | Orc:2    | Reached skill level 10 in Fighting
 17671 | Orc:2    | Reached skill level 14 in Earth Magic
 17743 | Orc:2    | Noticed Saint Roka
 18091 | Orc:2    | Noticed Blork the orc
 18125 | Orc:2    | Killed Saint Roka
 18129 | Orc:2    | Killed Blork the orc
 18265 | Orc:2    | Found a staircase to the Elven Halls.
 18293 | Orc:1    | Noticed Urug
 18303 | Orc:1    | Paralysed by an orc sorcerer for 4 turns
 18311 | Orc:1    | Killed Urug
 18868 | Orc:2    | Found a roughly hewn altar of Beogh.
 18896 | Orc:2    | Found Wetut's Antique Weapon Emporium.
 19170 | Orc:2    | Found Tirulla's Antique Armour Emporium.
 19186 | Orc:2    | Found Xotuv's General Store.
 19192 | Orc:2    | Found Jefirun's Jewellery Emporium.
 19269 | Orc:2    | Bought a scroll of identify for 32 gold pieces
 19269 | Orc:2    | Bought a scroll of teleportation for 48 gold pieces
 19269 | Orc:2    | Bought 24 stones for 38 gold pieces
 19549 | Orc:2    | Identified the Collected Works on Bewitchment (You acquired
                  | it on level 2 of the Orcish Mines)
 19565 | Orc:2    | Learned a level 9 spell: Shatter
 19572 | Orc:2    | Learned a level 6 spell: Statue Form
 19706 | Orc:1    | Noticed Jorgrun
 19714 | Orc:1    | Killed Jorgrun
 19714 | Orc:1    | Reached XP level 14. HP: 110/122 MP: 22/32
 21059 | D:12     | Reached skill level 15 in Earth Magic
 21486 | D:13     | Noticed Kirke
 21489 | D:13     | Killed Kirke
 21641 | D:13     | Found Yckoutu's Magic Scroll Boutique.
 21658 | D:13     | Bought a scroll of fog for 22 gold pieces
 21658 | D:13     | Bought a scroll of fear for 38 gold pieces
 21658 | D:13     | Bought a scroll of teleportation for 33 gold pieces
 21658 | D:13     | Bought a scroll of teleportation for 33 gold pieces
 21658 | D:13     | Bought a scroll of enchant armour for 82 gold pieces
 21658 | D:13     | Bought a scroll of teleportation for 33 gold pieces
 21658 | D:13     | Bought a scroll of teleportation for 33 gold pieces
 22103 | D:13     | Found Utopol's General Store.
 22112 | D:13     | Bought a scroll of identify for 34 gold pieces
 22112 | D:13     | Bought a potion of curing for 51 gold pieces
 22112 | D:13     | Bought a potion of mutation for 136 gold pieces
 22112 | D:13     | Bought 3 scrolls of magic mapping for 178 gold pieces
 22118 | D:13     | Learned a level 2 spell: Blink
 22127 | D:13     | You fall into a shaft and drop 2 floors!
 22127 | D:15     | Entered Level 15 of the Dungeon
 22180 | D:14     | Found a blossoming altar of Fedhas.
 22379 | D:14     | Reached skill level 16 in Earth Magic
 23208 | D:13     | Found a gate to the Vaults.
 23815 | D:15     | Reached skill level 17 in Earth Magic
 23965 | D:15     | Found a staircase to the Depths.
 24005 | D:15     | Reached XP level 15. HP: 128/128 MP: 8/33
 24686 | D:15     | Found a burning altar of Makhleb.
 25091 | Elf:1    | Entered Level 1 of the Elven Halls
 25096 | Elf:1    | Reached skill level 18 in Earth Magic
 25843 | Elf:1    | Reached skill level 19 in Earth Magic
 26281 | Elf:1    | Found Enejyude's Gadget Shoppe.
 27056 | Elf:2    | Found a huge runed translucent gate.
 27056 | Elf:2    | Found a huge runed translucent gate.
 27056 | Elf:2    | Found a huge runed translucent gate.
 27057 | Elf:2    | Found a huge runed translucent gate.
 27058 | Elf:2    | Found a huge runed translucent gate.
 27426 | Elf:2    | Reached XP level 16. HP: 135/135 MP: 2/34
 27538 | Elf:2    | Noticed a deep elf blademaster
 27545 | Elf:2    | Killed a deep elf blademaster
 27613 | Elf:2    | Reached skill level 20 in Earth Magic
 28481 | Elf:3    | Entered Level 3 of the Elven Halls
 28680 | Elf:3    | Found an ancient bone altar of Kikubaaqudgha.
 29139 | Elf:3    | Reached skill level 21 in Earth Magic
 29139 | Elf:3    | Noticed a deep elf master archer
 29155 | Elf:3    | Killed a deep elf master archer
 29656 | Elf:3    | Identified the +6 chain mail "Laxirpher" {rPois Str+5}
 29656 | Elf:3    | Noticed a deep elf blademaster
 29668 | Elf:3    | Killed a deep elf blademaster
 29813 | Elf:3    | Identified the cursed +1 robe of Gravitas {Str+3}
 29813 | Elf:3    | Identified the amulet "Qebuluesm" {Spirit rElec}
 29824 | Elf:3    | Noticed a deep elf blademaster
 29835 | Elf:3    | Killed a deep elf blademaster
 30006 | Elf:3    | Noticed a deep elf master archer
 30009 | Elf:3    | Killed a deep elf master archer
 30009 | Elf:3    | Reached XP level 17. HP: 131/141 MP: 35/35
 30047 | Elf:3    | Reached skill level 22 in Earth Magic
 30503 | Elf:3    | Identified the Reference Book on the Birds and Good Luck
 30649 | Elf:3    | Got a polished arbalest
 30839 | Elf:3    | Found Lots's Magic Scroll Emporium.
 31279 | Elf:3    | Bought a scroll of teleportation for 48 gold pieces
 31279 | Elf:3    | Bought a scroll of identify for 32 gold pieces
 31279 | Elf:3    | Bought a scroll of vulnerability for 120 gold pieces
 31279 | Elf:3    | Bought a scroll of summoning for 152 gold pieces
 31279 | Elf:3    | Bought a scroll of identify for 32 gold pieces
 31279 | Elf:3    | Bought a scroll of teleportation for 48 gold pieces
 31279 | Elf:3    | Bought a scroll of vulnerability for 120 gold pieces
 31281 | Elf:3    | Identified the +10 arbalest of Wyrd {velocity, *Corrode MR+
                  | Dex+3} (You found it on level 3 of the Elven Halls)
 31749 | Lair:6   | Found a runed translucent door.
 33355 | Lair:6   | Found a staircase to the Slime Pits.
 34360 | Snake:1  | Reached skill level 23 in Earth Magic
 35037 | Snake:1  | Got an ancient chain mail
 35061 | Snake:2  | You fall into a shaft and drop 1 floor!
 35786 | Snake:3  | Identified the Incunabulum of Orientation and Necromancy
 36044 | Snake:3  | Found Fase's Jewellery Boutique.
 36703 | Snake:4  | Entered Level 4 of the Snake Pit
 36941 | Snake:2  | Identified the +1 chain mail "Aveal" {rPois MR+ Str-2
                  | Dex+5} (You found it on level 1 of the Snake Pit)
 37019 | Snake:2  | Noticed Asterion
 37020 | Snake:2  | Reached XP level 18. HP: 140/149 MP: 35/37
 37238 | Snake:2  | Killed Asterion
 37271 | Snake:2  | Got a spiked ring mail
 37583 | Snake:2  | Found Buneer's Weapon Boutique.
 37583 | Snake:2  | Found Tibbaos's Magic Scroll Shop.
 37584 | Snake:2  | Found Ferung's Food Shop.
 37588 | Snake:2  | Found Inwewkeu's Distillery.
 37594 | Snake:2  | Bought a potion of flight for 48 gold pieces
 37594 | Snake:2  | Bought a potion of brilliance for 64 gold pieces
 37594 | Snake:2  | Bought a potion of mutation for 128 gold pieces
 37594 | Snake:2  | Bought a potion of resistance for 160 gold pieces
 37594 | Snake:2  | Bought a potion of curing for 48 gold pieces
 37594 | Snake:2  | Bought a potion of curing for 48 gold pieces
 37597 | Snake:2  | Bought a scroll of teleportation for 42 gold pieces
 37597 | Snake:2  | Bought a scroll of summoning for 133 gold pieces
 37597 | Snake:2  | Bought a scroll of magic mapping for 49 gold pieces
 37597 | Snake:2  | Bought a scroll of holy word for 105 gold pieces
 37597 | Snake:2  | Bought a scroll of identify for 28 gold pieces
 37597 | Snake:2  | Bought a scroll of identify for 28 gold pieces
 37597 | Snake:2  | Bought a scroll of magic mapping for 49 gold pieces
 37603 | Snake:2  | Identified the +0 ring mail of the Blacksmith {*Drain rElec
                  | Dex+6 Stlth+} (You found it on level 2 of the Snake Pit)
 37967 | Snake:4  | Reached skill level 24 in Earth Magic
 39470 | Snake:4  | Reached skill level 25 in Earth Magic
 40017 | Snake:4  | Got a serpentine rune of Zot
 40483 | Snake:2  | Bought a ration for 70 gold pieces
 40483 | Snake:2  | Bought a ration for 70 gold pieces
 40483 | Snake:2  | Bought a ration for 70 gold pieces
 40483 | Snake:2  | Bought a ration for 70 gold pieces
 40483 | Snake:2  | Bought a ration for 70 gold pieces
 40483 | Snake:2  | Bought a ration for 70 gold pieces
 40483 | Snake:2  | Bought a ration for 70 gold pieces
 40483 | Snake:2  | Bought a ration for 70 gold pieces
 40483 | Snake:2  | Bought a ration for 70 gold pieces
 40483 | Snake:2  | Bought a ration for 70 gold pieces
 40483 | Snake:2  | Bought a ration for 70 gold pieces
 40483 | Snake:2  | Bought a ration for 70 gold pieces
 40610 | Shoals:1 | Entered Level 1 of the Shoals
 40814 | Shoals:1 | Reached XP level 19. HP: 156/156 MP: 13/38
 41635 | Shoals:2 | Noticed Ilsuiw
 41641 | Shoals:2 | Killed Ilsuiw
 42013 | Shoals:2 | Identified the +10 halberd of Trial by Ordeal {speed, rN+
                  | Str+4}
 42044 | Shoals:2 | Found Loeboc's Armour Emporium.
 42913 | Shoals:3 | Found Nyguaw's Food Boutique.
 42923 | Shoals:3 | Bought a ration for 60 gold pieces
 42923 | Shoals:3 | Bought a ration for 60 gold pieces
 42923 | Shoals:3 | Bought a ration for 60 gold pieces
 42923 | Shoals:3 | Bought a ration for 60 gold pieces
 42923 | Shoals:3 | Bought a ration for 60 gold pieces
 42923 | Shoals:3 | Bought a ration for 60 gold pieces
 42923 | Shoals:3 | Bought a ration for 60 gold pieces
 42923 | Shoals:3 | Bought a ration for 60 gold pieces
 42923 | Shoals:3 | Bought a ration for 60 gold pieces
 42923 | Shoals:3 | Bought a ration for 60 gold pieces
 42923 | Shoals:3 | Bought a ration for 60 gold pieces
 42923 | Shoals:3 | Bought a ration for 60 gold pieces
 42923 | Shoals:3 | Bought a ration for 60 gold pieces
 43469 | Shoals:4 | Entered Level 4 of the Shoals
 43508 | Shoals:4 | Reached skill level 26 in Earth Magic
 43542 | Shoals:4 | Found a frozen archway.
 43548 | IceCv    | Entered an ice cave
 44663 | IceCv    | Killed from afar by a blizzard demon

Levels and vault maps discovered:
D:1:      dpeg_arrival_lava_altar, layout_basic
D:2:      layout_loops_ring, first_ration
D:3:      layout_loops_ring, solitary_fountain, minmay_misc_feat_x,
          grunt_ministairs_5
D:4:      layout_rooms, nemelex_altar_shiori, nemelex_diamond_rough_becter
D:5:      layout_rooms, lemuel_blue_sif_altar,
          chequers_temple_overflow_statue_of_worship, grunt_decor_cap
D:6:      layout_loops_corners, kiku_gazebo_pond_becter, temple_doors_e,
          serial_shops, kennysheep_mini, eino_tiny_chamber,
          cheibrodos_worm_habitat
D:7:      layout_basic, uniq_menkaure, uniq_crazy_yiuf_cottage
D:8:      layout_rooms
D:9:      layout_basic, gammafunk_temple_overflow_pools, orc_david_3,
          kennysheep_generic_room_14
D:10:     layout_loops_ring, minmay_lair_entry_grove, enter_trove_5,
          grunt_ogre_cave
D:11:     layout_gridville, uniq_nergalle
D:12:     cheibrodos_elevator_heist, layout_basic
D:13:     layout_rooms, david_vaults_5, serial_shops, nicolae_shop_behind_doors,
          shop, uniq_kirke
D:14:     layout_irregular_city, fedhas_altar_3
D:15:     grunt_enter_depths_magical_seal, layout_irregular_city,
          minmay_misc_feat_square, makhleb_altar_promises_db
Lair:1:   layout_gridlike, minmay_lair_oklob_chamber, serial_bayou_shore_b,
          serial_bayou_shore_a, uniq_gastronok
Lair:2:   layout_regular_city, guppyfry_snake_entry_garden
Lair:3:   layout_hall_layers, elwin_shoals_entry_stream, gauntlet_entry_generic,
          serial_forest, infiniplex_forest_lined_3_way,
          infiniplex_forest_clump_diagonal, infiniplex_forest_zigzag_2,
          infiniplex_forest_end_3, infiniplex_forest_clump_C,
          infiniplex_forest_lined_3, uniq_snorg
Lair:4:   layout_hall_layers, pond, lemuel_fruit_fields
Lair:5:   layout_hall_layers, beast_lair_carwin_11
Lair:6:   hangedman_lair_caniforms_friends, layout_loops_ring, wormcave,
          nicolae_slime_entry_slimehenge, chequers_serial_rivers_large_a
Shoals:1: layout_shoals, nicolae_shoals_loop_pool
Shoals:2: layout_shoals, serial_shops, shop, nicolae_shoals_cliffside_cave,
          uniq_ilsuiw
Shoals:3: layout_shoals, serial_shops, shop
Shoals:4: shoals_end_simple, layout_shoals, portal_ice_cave_entry_pillars_four
Snake:1:  layout_onion, serial_bayou, serial_bayou_shore_b,
          serial_bayou_lagoon_b, serial_bayou_lagoon_a, serial_bayou_pond_e,
          serial_bayou_pond_c
Snake:2:  layout_onion, grunt_megastairs_2, minmay_shoptagon, uniq_asterion
Snake:3:  layout_basic, serial_shops, shop
Snake:4:  grunt_snake_rune_spirals, layout_onion
Orc:1:    layout_diamond_mine, serial_shops, shop, nicolae_orc_tapped_out,
          uniq_jorgrun, uniq_urug
Orc:2:    grunt_orc_cross, layout_caves, hangedman_minor_magic
Elf:1:    elf_arrival_001, layout_geoelf_grid, serial_shops, shop,
          minmay_elf_crystal_heptagon
Elf:2:    layout_rooms, serial_glass, glass_columns_a, glass_columns_a,
          glass_columns_a, glass_columns_a
Elf:3:    grunt_elf_hall_asides, layout_geoelf_diagonals, basic_altar,
          serial_shops, nicolae_shop_window_shopping
IceCv:    ice_cave_caverns_01

Skill      XL: |  1  2  3  4  5  6  7  8  9 10 11 12 13 14 15 16 17 18 19 |
---------------+----------------------------------------------------------+-----
Dodging        | 2 3 4 5 |  5.4
Earth Magic    | 3 4 5 6 7 9 10 12 13 14 17 19 21 23 25 26 | 26.2
Spellcasting   | 2 3 4 5 6 8 9 |  9.9
Fighting       | 1 2 3 4 5 7 8 9 10 | 10.4
Armour         | 2 4 6 7 9 |  9.2
Stealth        | |  1.7
Transmutations | |  0.8

Action                   |  1- 3 |  4- 6 |  7- 9 | 10-12 | 13-15 | 16-18 | 19-21 || total
-------------------------+-------+-------+-------+-------+-------+-------+-------++-------
Melee: Unarmed           |    15 |       |       |       |       |       |       ||    15
       Short sword       |    90 |   115 |   120 |       |       |       |       ||   325
       Staff             |       |       |     1 |     6 |    65 |    20 |     3 ||    95
Throw: Stone             |       |       |       |       |       |     5 |       ||     5
 Cast: Sandblast         |    24 |    63 |   138 |   155 |   157 |   278 |    87 ||   902
       Lee's Rapid Decon |       |       |    11 |    90 |   297 |   332 |    67 ||   797
       Stone Arrow       |       |       |     2 |   133 |   233 |   204 |    61 ||   633
       Petrify           |       |       |       |     5 |     8 |     4 |     4 ||    21
       Blink             |       |       |       |       |       |    11 |       ||    11
       Shatter           |       |       |       |       |       |    59 |    31 ||    90
 Abil: Evoke Flight      |       |       |       |       |     1 |       |       ||     1
Evoke: Wand              |       |       |     3 |       |    51 |     9 |       ||    63
       Sack of spiders   |       |       |       |     4 |       |       |       ||     4
       Lamp of fire      |       |       |       |       |       |     1 |       ||     1
  Use: Scroll            |       |       |    16 |     6 |    13 |    15 |     2 ||    52
       Potion            |       |       |     1 |     2 |     6 |     4 |     2 ||    15
 Stab: Sleeping          |     3 |     8 |     2 |       |     1 |       |       ||    14
  Eat: Chunk             |     3 |     9 |    16 |    25 |    36 |    29 |    12 ||   130
       Ration            |       |       |     1 |     2 |     7 |    22 |     7 ||    39
Armor: Robe              |    16 |    16 |       |       |       |       |       ||    32
       Leather armour    |       |    24 |    43 |       |       |       |       ||    67
       Ring mail         |       |       |       |    91 |   169 |   165 |    67 ||   492
       Skin              |       |       |       |       |     1 |       |       ||     1
Dodge: Dodged            |    98 |   102 |   146 |   170 |   259 |   336 |   119 ||  1230
       Deflected         |       |       |       |     3 |    25 |    67 |    38 ||   133

Table legend:
 A = Non-vault XP
 B = Vault XP
 C = Vault XP percentage of total XP
 D = Non-vault monster count
 E = Vault monster count
 F = Vault count percentage of total count
                 A         B        C        D         E       F
            +---------+---------+-------+---------+---------+-------
      Total |  282189 |  221470 |  44.0 |     911 |     443 |  32.7
            +---------+---------+-------+---------+---------+-------
        D:1 |      27 |       0 |   0.0 |      16 |       0 |   0.0
        D:2 |      42 |       0 |   0.0 |      19 |       0 |   0.0
        D:3 |     164 |       4 |   2.4 |      35 |       2 |   5.4
        D:4 |     313 |       0 |   0.0 |      17 |       0 |   0.0
        D:5 |     584 |       0 |   0.0 |      13 |       0 |   0.0
        D:6 |     495 |       5 |   1.0 |      10 |       1 |   9.1
        D:7 |     769 |     213 |  21.7 |      12 |       2 |  14.3
        D:8 |     772 |       0 |   0.0 |      12 |       0 |   0.0
        D:9 |    2454 |     182 |   6.9 |      33 |       5 |  13.2
       D:10 |    2348 |    3601 |  60.5 |      29 |      14 |  32.6
       D:11 |    4025 |     816 |  16.9 |      43 |       1 |   2.3
       D:12 |    2472 |       0 |   0.0 |      17 |       0 |   0.0
       D:13 |    8831 |    3891 |  30.6 |      42 |       6 |  12.5
       D:14 |    8415 |       0 |   0.0 |      29 |       0 |   0.0
       D:15 |   22807 |    6893 |  23.2 |      52 |      12 |  18.8
     Lair:1 |    8149 |     805 |   9.0 |      32 |       4 |  11.1
     Lair:2 |    3922 |     332 |   7.8 |      13 |       2 |  13.3
     Lair:3 |    5413 |    2868 |  34.6 |      22 |       5 |  18.5
     Lair:4 |    4560 |     497 |   9.8 |      18 |       6 |  25.0
     Lair:5 |    4954 |     128 |   2.5 |      19 |       1 |   5.0
     Lair:6 |   12466 |   17198 |  58.0 |      39 |      79 |  66.9
   Shoals:1 |   15925 |       0 |   0.0 |      33 |       0 |   0.0
   Shoals:2 |   11417 |    3552 |  23.7 |      25 |       5 |  16.7
   Shoals:3 |   10813 |       0 |   0.0 |      22 |       0 |   0.0
   Shoals:4 |    2643 |    7189 |  73.1 |       4 |       7 |  63.6
    Snake:1 |   12856 |       0 |   0.0 |      29 |       0 |   0.0
    Snake:2 |   15610 |    3239 |  17.2 |      31 |       3 |   8.8
    Snake:3 |   24675 |    1931 |   7.3 |      45 |       1 |   2.2
    Snake:4 |   26563 |   59386 |  69.1 |      41 |      92 |  69.2
      Orc:1 |    2473 |    4293 |  63.4 |      30 |       3 |   9.1
      Orc:2 |    3067 |   12028 |  79.7 |      30 |      48 |  61.5
      Elf:1 |   21881 |    7934 |  26.6 |      34 |      11 |  24.4
      Elf:2 |   14101 |   25537 |  64.4 |      23 |      30 |  56.6
      Elf:3 |   26183 |   46371 |  63.9 |      42 |      32 |  43.2
      IceCv |       0 |    8018 | 100.0 |       0 |      57 | 100.0
   Gauntlet |       0 |    4559 | 100.0 |       0 |      14 | 100.0
            +---------+---------+-------+---------+---------+-------
